 Dungeon Crawl Stone Soup version 0.29.0-5-ge4962eb29e (webtiles) character file.

Game seed: 4363702389259502983

183 themarg the Blocker (level 5, -3/37 HPs)
             Began as a Gnoll Wanderer on Aug 28, 2022.
             Splashed by a jelly's acid (4 damage)
             ... on level 4 of the Dungeon.
             The game lasted 00:08:17 (3612 turns).

themarg the Blocker (Gnoll Wanderer)                Turns: 3612, Time: 00:08:17

Health: -3/37      AC:  6    Str: 11    XL:     5   Next: 62%
Magic:  0/9        EV: 12    Int: 13    God:
Gold:   174        SH:  0    Dex: 12    Spells: 9/10 levels left

rFire   . . .      SeeInvis .   f - +3 dagger
rCold   . . .      Faith    .   (no shield)
rNeg    . . .      Spirit   +   g - +0 leather armour
rPois   .          Reflect  .   k - +0 helmet
rElec   .          Harm     .   (no cloak)
rCorr   .          Rampage  .   l - +0 pair of gloves
Will    .....                   (no boots)
Stlth   +.........              b - amulet of guardian spirit
HPRegen 0.12/turn               p - +4 ring of protection
MPRegen 0.11/turn               (no ring)

@: corroded
A: fangs 1, strong nose, distributed training
a: no special abilities


You were on level 4 of the Dungeon.
You visited 1 branch of the dungeon, and saw 4 of its levels.

You collected 174 gold pieces.

Inventory:

Hand Weapons
 f - a +3 dagger (weapon)
Missiles
 o - 7 poisoned darts
Armour
 d - a +0 buckler of protection
 g - a +0 leather armour (worn)
 k - a +0 helmet (worn)
 l - a +0 pair of gloves (worn)
Jewellery
 b - an amulet of guardian spirit (around neck)
 p - a +4 ring of protection (left hand)
 u - an amulet of the acrobat
Wands
 w - a wand of quicksilver (6)
Scrolls
 a - a scroll of enchant armour {unknown}
 c - 2 scrolls of fear
 e - a scroll of identify
 h - a scroll of immolation {unknown}
 i - 2 scrolls of teleportation {unknown}
 m - a scroll of acquirement {unknown}
 n - a scroll of vulnerability {unknown}
 r - a scroll of amnesia {unknown}
 t - a scroll of noise {unknown}
Potions
 j - 2 potions of heal wounds
 q - 2 potions of ambrosia
 s - a potion of might {unknown}
 v - a potion of lignification {unknown}


   Skills:
 + Level 1.6 Fighting
 + Level 1.6 Short Blades
 + Level 1.6 Long Blades
 + Level 1.6 Axes
 + Level 1.6 Maces & Flails
 + Level 1.6 Polearms
 + Level 1.6 Staves
 + Level 1.6 Ranged Weapons
 + Level 1.6 Throwing
 + Level 4.8 Armour
 + Level 3.0 Dodging
 + Level 1.6 Stealth
 + Level 10.5 Shields
 + Level 1.6 Unarmed Combat
 + Level 3.2 Spellcasting
 + Level 1.3 Conjurations
 + Level 1.3 Hexes
 + Level 1.3 Summonings
 + Level 1.3 Necromancy
 + Level 2.4 Translocations
 + Level 1.3 Transmutations
 + Level 1.3 Fire Magic
 + Level 1.3 Ice Magic
 + Level 1.3 Air Magic
 + Level 1.3 Earth Magic
 + Level 1.3 Poison Magic
 + Level 1.8 Invocations
 + Level 1.6 Evocations


You had 9 spell levels left.
You knew the following spells:

 Your Spells              Type           Power      Damage    Failure   Level
a - Apportation           Tloc           16%        N/A       11%         1

Your spell library contained the following spells:

 Spells                   Type           Power      Damage    Failure   Level
 Lesser Beckoning         Tloc           8%         N/A       30%         3
 Alistair's Intoxication  Tmut/Pois      3%         N/A       99%         5


Dungeon Overview and Level Annotations

Branches:
Dungeon (4/15)
 Temple: D:4-7

Altars:
Lugonu

Portals:
Abyss: D:1

Annotations:
D:1 2 runed translucent doors


Innate Abilities, Weirdness & Mutations

You have very sharp teeth.
Your uncanny sense of smell can sniff out nearby items.
Your experience applies equally to all skills.


Message History

The goblin hits you but does no damage.
You hit the scorpion.
You kill the scorpion!
A jelly comes into view.
The goblin hits you but does no damage.
Your Dodging skill increases to level 3!
You completely miss the goblin. The goblin misses you.
You hit the goblin.
You kill the goblin!
You see here a scorpion corpse.
There is a stone staircase leading up here.
You hit the jelly. The acid corrodes you!
Your hands burn!
The jelly is moderately wounded.
You hit the jelly.
Your hands burn!
The jelly is heavily wounded.
The jelly hits you but does no damage.
You hit the jelly but do no damage.
Your hands burn!
The jelly is heavily wounded.
The jelly misses you.
You hit the jelly but do no damage.
Your hands burn!
The jelly is heavily wounded.
The jelly hits you.
You are splashed with acid!
You hit the jelly.
Your hands burn!
The jelly is heavily wounded.
The jelly hits you but does no damage.
You hit the jelly but do no damage.
Your hands burn!
* * * LOW HITPOINT WARNING * * *
The jelly is heavily wounded.
The jelly barely misses you.
You hit the jelly but do no damage.
Your hands burn!
* * * LOW HITPOINT WARNING * * *
You punch the jelly.
The jelly is severely wounded.
The jelly jiggles.
The jelly hits you.
* * * LOW HITPOINT WARNING * * *
You are splashed with acid!
* * * LOW HITPOINT WARNING * * *
You hit the jelly.
Your hands burn!
You die...

..........†.).....# .
.........#.####...#
........... #..## .
.....#..## ##J.###...
.....#...####.........
..........##..###..##.
..........##.####.....
....#.##..........#...
....#..@J....##...#...
........##...##.......
...................#
...............>...#
......#....#...... .
......#....#......
#..........#......
##....#...###.....
########## #.###


You could see a jelly.

Vanquished Creatures
  A scorpion (D:4)
  Jessica (D:2)
  4 adders
  2 ball pythons
  9 endoplasms
  3 giant cockroaches
  7 goblins
  3 hobgoblins (D:1)
  7 jackals
  5 kobolds
  A quokka (D:2)
  5 bats
  3 frilled lizards
  8 rats
59 creatures vanquished.

Notes
Turn   | Place    | Note
-------+----------+-------------------------------------------
     0 | D:1      | Reached skill level 10 in Shields
     0 | D:1      | themarg the Gnoll Wanderer began the quest for the Orb.
     0 | D:1      | themarg set off with the following items: a +0 dagger, a +0
                  | scale mail, a scroll of fear, a +0 buckler of protection;
                  | and the following spell memorised: Apportation; and the
                  | following spells available to memorise: Lesser Beckoning.
     0 | D:1      | Reached XP level 1. HP: 13/13 MP: 4/4
   315 | D:1      | Found a large runed translucent door.
   315 | D:1      | Found a large runed translucent door.
   318 | D:1      | Noticed an iron imp
   319 | D:1      | Noticed a quasit
   324 | D:1      | Noticed a crimson imp
   328 | D:1      | Noticed a crimson imp
   426 | D:1      | Found a corrupted altar of Lugonu.
   427 | D:1      | Found a one-way gate to the infinite horrors of the Abyss.
   427 | D:1      | Noticed a crimson imp
   603 | D:1      | Reached XP level 2. HP: 11/19 MP: 5/5
  1199 | D:1      | Found a faded altar of an unknown god.
  1573 | D:2      | Reached XP level 3. HP: 11/25 MP: 7/7
  1841 | D:2      | Noticed Jessica
  1852 | D:2      | Killed Jessica
  1853 | D:2      | Reached skill level 1 in Fighting
  1853 | D:2      | Reached skill level 1 in Short Blades
  1853 | D:2      | Reached skill level 1 in Long Blades
  1853 | D:2      | Reached skill level 1 in Axes
  1853 | D:2      | Reached skill level 1 in Maces & Flails
  1853 | D:2      | Reached skill level 1 in Polearms
  1853 | D:2      | Reached skill level 1 in Staves
  1853 | D:2      | Reached skill level 1 in Ranged Weapons
  1853 | D:2      | Reached skill level 1 in Throwing
  1853 | D:2      | Reached skill level 1 in Stealth
  1853 | D:2      | Reached skill level 1 in Unarmed Combat
  1853 | D:2      | Reached skill level 1 in Invocations
  1853 | D:2      | Reached skill level 1 in Evocations
  2175 | D:2      | Reached XP level 4. HP: 29/32 MP: 8/8
  2786 | D:3      | Reached skill level 1 in Conjurations
  2786 | D:3      | Reached skill level 1 in Hexes
  2786 | D:3      | Reached skill level 1 in Summonings
  2786 | D:3      | Reached skill level 1 in Necromancy
  2786 | D:3      | Reached skill level 1 in Transmutations
  2786 | D:3      | Reached skill level 1 in Fire Magic
  2786 | D:3      | Reached skill level 1 in Ice Magic
  2786 | D:3      | Reached skill level 1 in Air Magic
  2786 | D:3      | Reached skill level 1 in Earth Magic
  2786 | D:3      | Reached skill level 1 in Poison Magic
  3314 | D:3      | Reached XP level 5. HP: 37/37 MP: 9/9
  3611 | D:4      | HP: 1/37 [acid (5)]
  3612 | D:4      | Splashed by a jelly's acid

Illustrated notes

Levels and vault maps discovered:
D:1:      erik_arrival_cave_to_civilisation [erik_arrival_cave_to_temple],
          layout_loops_corners, basic_ecumenical_altar, fountainhead
D:2:      layout_loops_corners, grunt_decor_arrowhead,
          kennysheep_generic_room_7, uniq_jessica
D:3:      layout_loops_ring, corner_web_ring
D:4:      layout_cave_pools, minmay_surrounded

Skill      XL: |  1  2  3  4  5 |
---------------+----------------+-----
Shields        | | 10.5
Translocations | 2 |  2.4
Fighting       | 1 |  1.6
Short Blades   | 1 |  1.6
Long Blades    | 1 |  1.6
Axes           | 1 |  1.6
Maces & Flails | 1 |  1.6
Polearms       | 1 |  1.6
Staves         | 1 |  1.6
Ranged Weapons | 1 |  1.6
Throwing       | 1 |  1.6
Stealth        | 1 |  1.6
Unarmed Combat | 1 |  1.6
Invocations    | 1 |  1.8
Evocations     | 1 |  1.6
Spellcasting   | 3 |  3.2
Conjurations   | 1 |  1.3
Hexes          | 1 |  1.3
Summonings     | 1 |  1.3
Necromancy     | 1 |  1.3
Transmutations | 1 |  1.3
Fire Magic     | 1 |  1.3
Ice Magic      | 1 |  1.3
Air Magic      | 1 |  1.3
Earth Magic    | 1 |  1.3
Poison Magic   | 1 |  1.3
Dodging        | 3 |  3.0
Armour         | |  4.8

Action                   |  1- 3 |  4- 6 || total
-------------------------+-------+-------++-------
Melee: Dagger            |   125 |   129 ||   254
       Bite              |    12 |    13 ||    25
       Punch             |     2 |     5 ||     7
  Use: Scroll            |       |     2 ||     2
 Stab: Sleeping          |     1 |     2 ||     3
Armor: Scale mail        |    34 |       ||    34
       Leather armour    |    16 |    37 ||    53
Dodge: Dodged            |    70 |    74 ||   144
Block: Buckler           |     4 |       ||     4
